← All builds
Geo / Armada / Economy first / OBSERVED BUILD

Seeker hover raid

Armada Geo build order · Supreme Isthmus

Geo builds a Hovercraft Platform very early and raids with Seeker hovercraft into the middle and enemy base from about 4:38, well ahead of any standard timing.

Usually blows up the commander for T2 (77%)

#raid #amphibious #rush · 22 distinct matches · 14 players · 1% of Armada Geo games · team won 73% of 22 · Recently observed

THE CATCH, AND WHAT COMES WITH IT
  • SeekerHover raid from 4:38 · 1% of role by thenFrom the Hovercraft Platform. Only 1% of Geo games have it by then; others who build it get it around 6:43
  • Hovercraft PlatformHovercraft Platform in 100%1% of all Geo games by then
  • Aircraft PlantAircraft Plant in 41%19% of all Geo games by then

Where those units first fight, in 22 games with kill data: in the middle 82%, in the enemy base 14%.

Those units destroy a typical 1,106 metal of enemy units by 15:00.

Then transitions into Starlight (29% of army), Jaguar (12% of army).

HOW TO PLAY IT

Key timing: Hovercraft Platform by 3:49

  1. Open the usual Geo eco start into Bot Lab and geothermal.
  2. Add a Hovercraft Platform far earlier than the role norm.
  3. Send Seeker hovercraft raiding into the enemy base early.
  4. Reclaim the Hovercraft Platform once the raid is spent.
  5. Build Vehicle Plant and transition into Starlights for front.

Phase by phase

TYPICAL OF ITS 22 GAMES · AGAINST STANDARD GEO
  1. 1
  2. 2
  3. 3
  4. 4
PLAY THE OPENING

Follow the example game's first 6:00 step by step: what to build now, what comes next, and where it goes. At 1× it keeps pace with your own game.

  1. 1

    Up to the Bot Lab

    Economy
    • Metal Extractor2Mex
    • Wind Turbine4Wind+2 vs standard
    Order
    1. Bot LabBot Lab after 2 mex, 4 winddone ~0:59, middle half 0:52–1:20

    By 0:43 in all: 2 mex · 4 wind (standard 2)

    The example game in this phase · 3 steps
    1. Mex ×2
    2. Wind ×4
    3. Bot LabBot Labdone 1:00 · typical 0:59
  2. 2

    Bot Lab to Hover raid

    Economy
    • Metal Extractor2Mex
    • Wind Turbine5Wind
    • Energy Converter7Converter+2 vs standard
    • Energy Storage1Energy storage
    Order
    1. Geothermal PowerplantGeo after 4 mex, 6 wind, 1 energy storage
    2. Bot LabEat Bot Lab
    3. Hovercraft PlatformHovercraft Platform after 4 mex, 6 wind, 6 converter
    4. SeekerHover raid after 4 mex, 7 wind, 7 converter
    Builders
    • Construction Turret4 Con turret
    • Lazarus4 Lazarus
    • Construction Bot2 Con bot
    • Construction Bot1 Con bot for allies
    • Lazarus1 Lazarus for allies

    By 4:31 in all: 4 mex · 7 wind · 1 geo · 7 converter (standard 5) · 1 energy storage · 4 con turret

    The example game in this phase · 26 steps
    1. Construction BotCon botfor Beach sea
    2. LazarusLazarus
    3. Mex
    4. LazarusLazarus
    5. Mex
    6. LazarusLazarusfor Beach sea
    7. LazarusLazarus
    8. Construction BotCon bot
    9. TickTick ×3
    10. Construction BotCon bot
    11. LazarusLazarus
    12. Energy storage
    13. Con turret
    14. Geothermal PowerplantGeodone 3:23 · typical 3:25
    15. Con turret
    16. Converter ×9
    17. Con turret
    18. Converter
    19. Wind
    20. Con turret
    21. Wind
    22. Hovercraft PlatformHovercraft Platformdone 4:54 · typical 4:27
    23. Wind ×2
    24. Bot LabEat Bot Labreclaimed for its metal
    25. Wind
    26. SeekerSeekerdone 4:58
  3. 3

    Hover raid to Vehicle Plant

    Economy
    • Wind Turbine7Wind+4 vs standard
    • Energy Converter3Converter−3 vs standard
    Order
    1. Hovercraft PlatformEat Hovercraft Platform
    2. Advanced Geothermal PowerplantAdvanced Geothermal Powerplant after 11 wind, 11 converter, 6 con turretin 55% of games
    3. Vehicle PlantVehicle Plant after 18 wind, 11 converter, 7 con turretdone ~7:55, middle half 7:20–8:15
    Builders
    • Construction Turret3 Con turret
    Army
    • Seeker9 Seeker +9 vs standard

    Some games also: energy storage (32%)

    By 7:57 in all: 4 mex · 18 wind (standard 11) · 1 geo · 1 Advanced Geothermal Powerplant · 11 converter · 1 energy storage

    The example game in this phase · 8 steps
    1. SeekerSeeker ×4
    2. Advanced Metal ExtractorT2 mexdone 5:48 · typical 5:45
    3. SeekerSeeker ×5
    4. Construction HovercraftCon hovercraft
    5. Advanced Metal ExtractorT2 mex
    6. PrudePrudenot finished by 15:00
    7. Advanced Metal ExtractorT2 mex
    8. Vehicle PlantVehicle Plantdone 6:59 · typical 7:55
  4. 4

    Vehicle Plant to 10:00

    Economy
    • Wind Turbine6Wind+2 vs standard
    Order
    1. Advanced Vehicle PlantAdvanced Vehicle Plant after 18 wind, 11 converter, 7 con turretin 59% of games
    2. Vehicle PlantEat Vehicle Plant in 50% of games
    Builders
    • Construction Turret1 Con turret

    Some games also: Starlight (45%) · con vehicle (45%) · T2 con vehicle for allies (41%) · converter (36%) · jammer (32%)

    The standard build makes here, this one skips: 2 converter · 2 Starlight

    By 10:00 in all: 4 mex · 27 wind (standard 18) · 1 geo · 1 Advanced Geothermal Powerplant · 18 converter · 1 energy storage

    The example game in this phase · 8 steps
    1. BlitzBlitz
    2. Hovercraft PlatformEat Hovercraft Platformreclaimed for its metal
    3. BlitzBlitz
    4. Advanced Metal ExtractorT2 mex
    5. BlitzBlitz ×6
    6. Advanced Vehicle PlantAdvanced Vehicle Plantdone 8:37 · typical 8:55
    7. BlitzBlitz
    8. SentrySentry ×2

Counts are medians over the build's games: half of them build more, half fewer. The example game is 0neTw0's (34 OS, 29/08/2026); pick another.

Team trades

IN AT LEAST 30% OF ITS GAMES

You hand over

  • Lazarus1 Lazarus to Beach seafirst at 2:05 · in 86% of games
  • Construction Bot1 Con bot to Beach seafirst at 2:34 · in 86% of games
  • Advanced Construction Vehicle1 T2 con vehicle to Suicide front or Frontfirst at 9:12 · in 55% of games

You get

  • Hercules1 Light transport from Airfirst at 4:43 · in 36% of games
  • Advanced Construction Bot1 T2 con bot from Techfirst at 4:53 · in 91% of games

How it plays out

Typical game of this build against the role’s standard build, running totals by minute

  • This build
  • Standard geo

Metal produced

020k40k
0:005:0010:0015:00

metal

Enemy metal destroyed

05k10k15k
0:005:0010:0015:00

metal

Own metal lost

02k4k6k
0:005:0010:0015:00

metal

22 games.

Show as table
ByMetal produced: This buildMetal produced: Standard geoEnemy metal destroyed: This buildEnemy metal destroyed: Standard geoOwn metal lost: This buildOwn metal lost: Standard geo
1:003333330000
2:007928600000
3:00152415270000
4:00285626710000
5:00409836930000
6:005939563611000
7:00827980191500950
8:00112221134366104700
9:0014406144069724376584
10:0017919172701522472850200
11:002018020110175617451256520
12:0022514229802963361818251605
13:0025719257306043587428402970
14:0028444285747020825052804419
15:00328613134782681020954355552
WHAT THE NUMBERS SAY

Team won much more often than the standard build, with higher economy and lower losses by 15:00.

  • + Team win rate 82% vs 54% for standard build
  • + Metal produced ahead of standard at every checkpoint to 15:00
  • − Own metal lost by 10:00 triples standard (836 vs 260)
  • − Raid itself only destroys a modest 1157 metal by 15:00
THE EXAMPLE YOU ARE READING

0neTw0

34.5 OS · 29/08/2026

Open source match ↗

1 received units · includes a constructor
596 metal received · 45682 energy received

Allied construction assistance is unknown. Timings are observations, not a promise of solo reproducibility.

Typical milestones

Bot Lab0:59Middle 50%: 0:52–1:20 · n=20
Geothermal Powerplant3:25Middle 50%: 3:04–3:43 · n=22
Hovercraft Platform4:27Middle 50%: 3:55–4:46 · n=22
Advanced Metal Extractor5:45Middle 50%: 5:29–5:57 · n=21
Advanced Geothermal Powerplant7:29Middle 50%: 7:05–8:11 · n=17
Vehicle Plant7:55Middle 50%: 7:20–8:15 · n=12
Advanced Vehicle Plant8:55Middle 50%: 8:36–10:04 · n=19
Starlight9:32Middle 50%: 9:16–10:27 · n=16

Played most by

YogaBoy1584974games of this buildViltrum4games of this build0neTw02games of this buildVaticineur2games of this build_Hawkey_1game of this build